 Dungeon Crawl Stone Soup version 0.28.0-53-g5a82cb258f (webtiles) character file.

Game seed: 16090378570374646337

611043 fleeber the Conqueror (level 26, -17/399 HPs)
             Began as a Minotaur Berserker on Mar 17, 2022.
             Was a High Priest of Trog.
             Demolished by a Killer Klown
             ... wielding a +11 club
              (24 damage)
             ... on level 5 of the Realm of Zot on June 24, 2022.
             The game lasted 17:28:08 (130826 turns).

fleeber the Conqueror (Minotaur Berserker)        Turns: 130826, Time: 17:28:09

Health: -17/399    AC: 41    Str: 24    XL:     26   Next: 76%
Magic:  22/22      EV: 10    Int:  5    God:    Trog [*****.]
Gold:   5497       SH:  0    Dex: 26    Spells: 25/25 levels left

rFire   + + .      SeeInvis +   F - +8 mithril axe "Arga" {speed, Will+}
rCold   . . .      Faith    .   a - +2 kite shield
rNeg    . . .      Spirit   .   b - +2 gold dragon scales
rPois   +          Reflect  +   (helmet restricted)
rElec   +          Harm     .   Y - +2 cloak {rPois}
rCorr   +          Rampage  +   e - +2 pair of gloves {Stlth+}
Will    +++++                   R - +2 pair of boots {rampage}
Stlth   ..........              p - amulet of reflection
HPRegen 1.00/turn               G - ring "Qaibaeng" {rElec rC- Will+ rCorr Dex+8}
MPRegen 0.18/turn               N - ring "Hioxzuac" {rF+ Int+3 Dex+4 SInv}

@: berserking, strong-willed, unable to drink, held, regenerating, unable to
read, very quick
A: horns 2, retaliatory headbutt, clumsy 1, dopey 1, inhibited regeneration,
weak 2, subdued magic 1, inability to read while threatened
}: 3/15 runes: barnacled, silver, gossamer
a: Renounce Religion, Berserk, Trog's Hand, Brothers in Arms


You were on level 5 of the Realm of Zot.
You worshipped Trog.
Trog was extremely pleased with you.
You visited 11 branches of the dungeon, and saw 52 of its levels.

You collected 7349 gold pieces.
You spent 1852 gold pieces at shops.

Inventory:

Hand Weapons
 n - a +4 antimagic broad axe
 F - the +8 mithril axe "Arga" (weapon) {speed, Will+}
   (You acquired it on level 4 of the Shoals)

   Attacks with this weapon are significantly faster.
   Will:      It increases your willpower.
Missiles
 o - 1076 stones (quivered)
Armour
 a - a +2 kite shield (worn)
 b - +2 gold dragon scales (worn)
 e - a +2 pair of gloves of stealth (worn)
 R - a +2 pair of boots of rampaging (worn)
 Y - a +2 cloak of poison resistance (worn)
Jewellery
 p - an amulet of reflection (around neck)
 G - the ring "Qaibaeng" (left hand) {rElec rC- Will+ rCorr Dex+8}
   (You bought it in a shop on level 1 of the Depths)

   [ring of willpower]

   Dex:       It affects your dexterity (+8).
   rC:        It makes you vulnerable to cold.
   rElec:     It insulates you from electricity.
   rCorr:     It protects you from acid and corrosion.
   Will:      It increases your willpower.
 N - the ring "Hioxzuac" (right hand) {rF+ Int+3 Dex+4 SInv}
   (You took it off an orc warrior on level 2 of the Orcish Mines)

   [ring of see invisible]

   Int:       It affects your intelligence (+3).
   Dex:       It affects your dexterity (+4).
   rF:        It protects you from fire.
   SInv:      It lets you see invisible.
 V - a ring of resist corrosion
Wands
 j - a wand of iceblast (28)
 k - a wand of charming (26)
 q - a wand of mindburst (9)
 r - a wand of flame (51)
 w - a wand of paralysis (22)
 H - a wand of polymorph (22)
 U - a wand of acid (18)
 Z - a wand of digging (24)
Scrolls
 c - 5 scrolls of immolation
 s - a scroll of magic mapping
 v - 11 scrolls of vulnerability
 x - 18 scrolls of teleportation
 y - 3 scrolls of silence
 A - 8 scrolls of noise
 C - 28 scrolls of identify
 I - 2 scrolls of holy word
 M - 3 scrolls of summoning
 P - 6 scrolls of blinking
 T - 18 scrolls of fear
 X - 8 scrolls of fog
Potions
 d - 2 potions of haste
 f - 8 potions of degeneration
 g - a potion of resistance
 h - 8 potions of mutation
 i - 22 potions of curing
 l - 9 potions of ambrosia
 m - 3 potions of berserk rage
 t - 4 potions of magic
 z - 5 potions of brilliance
 B - 9 potions of lignification
 D - a potion of might
 E - 3 potions of cancellation
 J - 2 potions of heal wounds
 O - 12 potions of attraction
 Q - a potion of invisibility
 S - 6 potions of flight
Miscellaneous
 u - a box of beasts (inert)
 K - a phial of floods
 L - a lightning rod (4/4)


   Skills:
 O Level 27 Fighting
 - Level 18.0 Axes
 - Level 4.0 Throwing
 O Level 27 Armour
 * Level 19.1 Dodging
 O Level 27 Shields
 * Level 16.8 Evocations


You had 25 spell levels left.
You didn't know any spells.
Your spell library was empty.

Dungeon Overview and Level Annotations

Branches:
Dungeon (15/15)            Temple (0/1) D:6            Lair (6/6) D:10
 Shoals (4/4) Lair:4       Spider (4/4) Lair:2        Slime (2/5) Lair:5
    Orc (2/2) D:10            Elf (2/3) Orc:2        Vaults (5/5) D:13
  Crypt (3/3) Vaults:3       Tomb (0/3) Crypt:3      Depths (4/4) D:15
    Zot (5/5) Depths:4

Altars:
Ashenzari
Dithmenos
Fedhas
Gozag
Hepliaklqana
Kikubaaqudgha
Nemelex Xobeh
Okawaru
Qazlal
Sif Muna
Trog
Vehumet
Wu Jian
Xom
Yredelemnul
The Shining One

Shops:
D:12 (   Orc:2 :[?*   Elf:2 ?   Shoals:3 [   Vaults:4 (   Depths:1 :=:
Depths:4 *

Portals:
Hell: Depths:1 Depths:2 Depths:3 Depths:4
Abyss: Depths:3
Pandemonium: Orc:2 Depths:2 Depths:4
Ziggurat: Depths:3

Annotations:
Lair:6 exclusion: oklob plant
Vaults:4 exclusion: obsidian statue
Crypt:2 3 runed translucent doors, Houmnergh's ghost, master GnTm
Depths:4 1 runed translucent door


Innate Abilities, Weirdness & Mutations

You have a pair of horns on your head.
You reflexively headbutt those who attack you in melee.
You are clumsy. (Dex -2)
You are dopey. (Int -2)
You do not regenerate when monsters are visible.
You are very weak. (Str -4)
Your spells are a little easier to cast, but a little less powerful.
You sometimes lose the ability to read scrolls when taking damage.


Message History

Your magical effects are unravelling.
A tentacled monstrosity comes into view.
The Killer Klown pounds you with a +11 club!
* * * LOW HITPOINT WARNING * * *
The Orb Guardian hits you but does no damage.
The Orb Guardian barely misses you.
The moth of wrath goads the Orb Guardian on!
The Orb Guardian goes berserk!
The moth of wrath goads the Orb Guardian on!
The Orb Guardian goes berserk!
The Orb Guardian hits you but does no damage.
You hear a shout!
A red film seems to cover your vision as you go berserk!
You feel yourself moving faster!
You feel mighty!
You feel a little less mighty now. The Orb Guardian hits you!!!
* * * LOW HITPOINT WARNING * * *
The quicksilver dragon completely misses you.
You furiously retaliate!
You headbutt the quicksilver dragon!! The quicksilver dragon claws you.
* * * LOW HITPOINT WARNING * * *
The Killer Klown pies you viciously! The klown pie hits you.
Lemon!
You feel unable to drink.
* * * LOW HITPOINT WARNING * * *
The Orb Guardian hits you.
* * * LOW HITPOINT WARNING * * *
The Orb Guardian hits your elder batox beast but does no damage.
The Orb Guardian barely misses you. The Orb Guardian hits you.
* * * LOW HITPOINT WARNING * * *
You struggle against the net.
You feel a strong urge to attack something.
The quicksilver dragon bites you but does no damage.
The quicksilver dragon claws you but does no damage.
The Killer Klown blinks!
Your elder batox beast barely misses the orb of fire.
Your elder batox beast tramples the orb of fire.
The orb of fire holds its ground!
The Orb Guardian hits you but does no damage.
The Killer Klown hits you with a +11 club!!
You die...

,,,,,,,,,,,,,,,,***,,,,,,,***,,,,
,,,,,,,,,,,,,,,,* ********* *,,,,
,,,,,,,,^^,^,,,** **,,,
,,,,,,,,,,,,,*** ***,
,,,,^,,,,,**** ** ,##▓▓▓▓▓▓▓▓▓▓▓#
#▓▓ ,.....X.y^.^..### ###..
..........##.ypX## ##....
...........###XD@###########...##
............###XpX.X..X.......##*
............# ##X*Hp.........## *
^...........# #^.........^..# *
............# ##...........## *
....).......# #...........# *
...........^# ##...^.......## *
...........## #..[..........# *
..........## ##.............##


You could see an orb of fire (ally target), 3 Killer Klowns, a tentacled
monstrosity, a quicksilver dragon (catching breath), 6 Orb Guardians, a moth of
wrath and a friendly elder batox beast (summoned).

Vanquished Creatures
  Dissolution (Slime:1)
  2 dread liches (Vaults:4)
  2 orbs of fire
  Khufu (Crypt:3)
  3 ancient liches
  2 juggernauts
  Bai Suzhen (Crypt:1)
  A Killer Klown (Zot:5)
  4 curse toes
  5 caustic shrikes (Depths:1)
  14 golden dragons
  A profane servitor (Crypt:3)
  4 bone dragons
  2 electric golems
  16 tentacled monstrosities
  8 Orb Guardians (Zot:5)
  A lich (Crypt:3)
  4 titans (Vaults:5)
  4 quicksilver dragons
  An acid blob (Slime:1)
  13 death cobs
  A kraken (Shoals:4)
  2 ancient champions
  Frances (Shoals:1)
  3 tengu reavers (Vaults:5)
  8 sphinxes
  The ghost of thiscave3701365 the Executioner, an adept HOBe of Trog (Spider:1)
  15 storm dragons
  4 revenants
  13 shadow dragons
  Donald (Crypt:2)
  8 draconian monks
  A rockslime (Slime:1)
  4 fire giants
  5 frost giants
  3 iron dragons
  7 draconian knights
  10 emperor scorpions
  A curse skull (Vaults:3)
  A deep elf sorcerer (Vaults:5)
  5 orc warlords
  9 ghost moths
  17 vault wardens
  6 draconian scorchers
  5 ghouls
  10 draconian annihilators
  2 draconian stormcallers
  4 draconian shifters
  21 ironbound preservers
  A broodmother (Spider:1)
  A reaper (Crypt:2)
  3 war gargoyles
  A spriggan defender (Depths:2)
  16 black draconians
  14 stone giants
  21 very ugly things
  16 green draconians
  13 ironbound thunderhulks
  4 vampire knights
  The ghost of Brotato the Fighter, a journeyman PaFi of Gozag (Lair:5)
  4 entropy weavers
  A deep elf demonologist (Vaults:5)
  17 yellow draconians
  16 red draconians
  13 white draconians
  14 purple draconians
  4 dire elephants
  5 eidola
  3 spark wasps
  4 deep elf death magi
  10 ettins
  13 jiangshi
  2 blizzard demons
  6 merfolk impalers
  9 fire dragons
  10 yaktaur captains
  2 mummy priests (Crypt:3)
  A crystal guardian (Vaults:4)
  4 merfolk javelineers
  A deep elf high priest (Vaults:5)
  Harold (D:9)
  19 hydras
  3 rakshasas
  7 great orbs of eyes
  2 hell beasts (Depths:2)
  2 spriggan air magi (Depths:2)
  11 centaur warriors
  A boulder beetle (shapeshifter) (Vaults:5)
  6 ice dragons
  33 vault guards
  A catoblepas (Lair:6)
  3 peacekeepers
  9 ironbound frosthearts
  A demonspawn (Orc:2)
  A radroach (Spider:3)
  12 boulder beetles
  A spriggan skeleton (Crypt:3)
  An alligator snapping turtle (Shoals:4)
  A catoblepas (shapeshifter) (Vaults:5)
  3 ogre magi (Vaults:5)
  6 death knights
  2 merfolk aquamancers (Shoals:4)
  6 two-headed ogres
  3 merfolk avatars (Shoals:2)
  4 death yaks
  27 dancing weapons
  6 deep troll shamans
  2 satyrs
  3 deep troll earth magi
  A spectral dire elephant (Crypt:3)
  5 tengu warriors
  4 vampire magi
  5 spriggan berserkers
  6 orc high priests
  Nergalle (Lair:2)
  A hell knight (Crypt:3)
  7 soul eaters
  4 iron trolls
  A storm dragon zombie (Crypt:1)
  42 skeletal warriors
  A sun moth (Lair:2)
  9 deep elf knights
  3 shadow wraiths (Crypt:3)
  A fire crab (shapeshifter) (D:14)
  4 pharaoh ants
  7 orb spiders
  10 steelbarb worms
  A golden dragon zombie (Depths:1)
  64 deep trolls
  3 death drakes
  An elf simulacrum (Crypt:1)
  9 sea snakes
  4 bog bodies
  7 deep elf archers
  A sea snake (shapeshifter) (Vaults:1)
  4 flayed ghosts
  A swamp dragon (Zot:1)
  15 lindwurms
  Pikel (D:5)
  A glowing orange brain (Vaults:3)
  8 wizards
  21 ironbound convokers
  A sphinx zombie (Depths:1)
  6 necromancers
  A golden dragon skeleton (Crypt:2)
  10 phantasmal warriors
  8 harpies
  15 orc knights
  14 fauns
  12 deep elf pyromancers
  8 deep elf zephyrmancers
  15 wolf spiders
  7 orc sorcerers
  6 cyclopes
  22 manticores
  75 ugly things
  37 moths of wrath
  9 black mambas
  33 elephants
  8 merfolk sirens
  A rust devil (Orc:2)
  25 vault sentinels
  3 water nymphs
  10 torpor snails
  A smoke demon (Depths:4)
  16 cane toads
  A gargoyle (D:12)
  Joseph (D:7)
  A torpor snail (shapeshifter) (Vaults:5)
  A spriggan zombie (Depths:1)
  Psyche (D:12)
  4 demonic crawlers
  Maggie (D:7)
  An unseen horror (D:12)
  A large abomination (Crypt:3)
  4 freezing wraiths
  5 rime drakes
  A green draconian zombie (Crypt:1)
  An efreet (D:9)
  7 komodo dragons
  A swamp worm zombie (Crypt:1)
  11 guardian mummies
  5 tengu conjurers
  21 yaktaurs
  An iron troll zombie (Crypt:2)
  2 human zombies (Vaults:1)
  A hellwing (Orc:2)
  6 trolls
  A black draconian skeleton (Crypt:2)
  16 meliai
  30 merfolk
  A harpy zombie (Crypt:1)
  4 wind drakes
  15 blink frogs
  2 hornets
  5 polar bears
  17 tarantellas
  Prince Ribbit (Lair:1)
  9 dream sheep
  8 snapping turtles
  28 slime creatures
  A dream sheep (shapeshifter) (Elf:1)
  21 jumping spiders
  3 air elementals (Elf:1)
  A spriggan (Depths:2)
  25 culicivoras
  46 flying skulls
  A ynoxinul (Orc:2)
  A centaur simulacrum (D:15)
  5 wyverns
  26 water elementals
  7 wraiths
  6 shadows
  79 yaks
  5 basilisks
  A fire elemental (Elf:1)
  66 redbacks
  2 steam dragons
  8 wargs
  5 vampire mosquitoes
  A harpy simulacrum (Crypt:3)
  A merfolk zombie (Crypt:2)
  5 acid dragons
  23 water moccasins
  2 floating eyes
  5 sky beasts
  55 orc warriors
  An ettin simulacrum (Depths:1)
  3 small abominations (Crypt:3)
  5 ice beasts
  6 necrophages
  5 black bears
  6 wolves (Lair:6)
  5 boggarts (Vaults:1)
  A torpor snail zombie (Crypt:2)
  10 ogres
  11 centaurs
  A swamp dragon skeleton (Crypt:1)
  2 kobold brigands
  An elf skeleton (Crypt:2)
  An earth elemental (Elf:2)
  2 gnoll sergeants (D:8)
  20 bullfrogs
  7 scorpions
  14 killer bees
  An oklob sapling (D:6)
  2 wights (D:9)
  4 howler monkeys
  10 electric eels
  2 centaur zombies
  A bullfrog zombie (D:6)
  4 jellies (Lair:5)
  2 hounds
  A human simulacrum (Vaults:1)
  A bullfrog skeleton (D:6)
  A gnoll shaman (D:9)
  5 human skeletons (Crypt:1)
  38 orc priests
  Crazy Yiuf (D:2)
  A basilisk skeleton (Crypt:1)
  A black bear zombie (Crypt:2)
  A centaur skeleton (D:7)
  2 iguanas
  21 orc wizards
  4 hell rats (Lair:4)
  3 killer bee zombies
  An ogre skeleton (Crypt:2)
  A demigod skeleton (Crypt:1)
  A mummy (Crypt:1)
  A howler monkey zombie (D:8)
  15 gnolls
  A howler monkey skeleton (D:4)
  4 adders
  A white imp (D:5)
  An ufetubus (D:4)
  An adder zombie (Crypt:1)
  A worm (D:2)
  3 dart slugs
  115 orcs
  A bat zombie (Crypt:1)
  10 endoplasms
  5 giant cockroaches
  5 goblins
  6 hobgoblins
  21 jackals
  7 kobolds
  A quokka (D:2)
  4 ball pythons
  4 bats
  3 frilled lizards
  A kobold zombie (Crypt:1)
  4 rats
  2 tentacles (Shoals:4)
2304 creatures vanquished.

Vanquished Creatures (collateral kills)
  An Orb Guardian (Zot:5)
  A vault warden (Vaults:2)
  2 curse skulls (Crypt:1)
  A very ugly thing (Vaults:1)
  A dire elephant (Vaults:1)
  A merfolk impaler (Shoals:4)
  2 vault guards (Vaults:2)
  A peacekeeper (Vaults:3)
  A merfolk avatar (Shoals:4)
  A merfolk aquamancer (Shoals:4)
  An orc high priest (Orc:2)
  A tengu warrior (D:13)
  A dancing weapon (Spider:1)
  A deep troll (Vaults:2)
  A glowing orange brain (Vaults:2)
  An ironbound convoker (Vaults:2)
  A harpy (Shoals:4)
  2 orc sorcerers (Orc:2)
  A deep elf pyromancer (D:13)
  4 ugly things
  2 manticores
  A meliai (Spider:3)
  A tarantella (Spider:3)
  2 slime creatures (D:13)
  An orc warrior (Orc:2)
  An orc (Orc:2)
34 creatures vanquished.

Vanquished Creatures (others)
  A draconian stormcaller (Zot:1)
  A draconian annihilator (Zot:3)
  A jiangshi (Crypt:1)
  A rakshasa (Depths:1)
  2 wizards
  A demonic crawler (Spider:2)
  A meliai (Spider:4)
  2 culicivoras
  A water moccasin (D:9)
  An orc warrior (Vaults:5)
  A howler monkey zombie (D:9)
  An orc (Vaults:5)
  109 fungi
  258 plants
  2 tentacles (Shoals:4)
383 creatures vanquished.

Grand Total: 2721 creatures vanquished

Notes
Turn   | Place    | Note
-------+----------+-------------------------------------------
     0 | D:1      | fleeber the Minotaur Berserker began the quest for the Orb.
     0 | D:1      | Reached XP level 1. HP: 19/19 MP: 0/0
   188 | D:1      | Reached XP level 2. HP: 26/27 MP: 1/1
  1277 | D:2      | Reached XP level 3. HP: 25/33 MP: 2/2
  1446 | D:2      | Found a runed translucent door.
  1447 | D:2      | Noticed Crazy Yiuf
  1485 | D:2      | Reached ** piety under Trog
  1886 | D:2      | Reached skill level 5 in Axes
  1909 | D:2      | Reached XP level 4. HP: 36/40 MP: 3/3
  2447 | D:2      | Killed Crazy Yiuf
  2529 | D:3      | Noticed a scorpion
  2540 | D:3      | Killed a scorpion
  2541 | D:3      | Reached XP level 5. HP: 45/47 MP: 4/4
  2938 | D:3      | Found a faded altar of an unknown god.
  3727 | D:3      | Reached XP level 6. HP: 34/53 MP: 2/5
  4015 | D:4      | Found an opulent altar of Gozag.
  4016 | D:4      | Found a broken altar of Ashenzari.
  4085 | D:4      | Reached *** piety under Trog
  4757 | D:5      | Entered Level 5 of the Dungeon
  4812 | D:5      | Noticed an ice beast
  4836 | D:4      | Killed an ice beast
  4837 | D:4      | Reached skill level 5 in Fighting
  4837 | D:4      | Reached XP level 7. HP: 61/61 MP: 4/6
  5136 | D:5      | Noticed a yak
  5136 | D:5      | Noticed a yak
  5164 | D:4      | Killed a yak
  5165 | D:4      | Reached skill level 1 in Evocations
  5170 | D:5      | Killed a yak
  5334 | D:5      | Reached XP level 8. HP: 69/69 MP: 7/7
  5383 | D:5      | Reached skill level 10 in Axes
  5383 | D:5      | Reached skill level 5 in Armour
  5776 | D:5      | Found a basalt altar of Yredelemnul.
  5835 | D:5      | Noticed Pikel
  5862 | D:5      | Killed Pikel
  5863 | D:5      | Reached XP level 9. HP: 67/78 MP: 6/8
  6046 | D:5      | Reached **** piety under Trog
  6837 | D:6      | Found a blossoming altar of Fedhas.
  6891 | D:6      | Found a staircase to the Ecumenical Temple.
  7455 | D:7      | Noticed Maggie
  7477 | D:7      | Killed Maggie
  7606 | D:7      | Noticed Joseph
  7636 | D:7      | Killed Joseph
  7946 | D:7      | Reached XP level 10. HP: 80/84 MP: 9/9
  8581 | D:7      | Found a radiant altar of Vehumet.
  9591 | D:8      | Found an ancient bone altar of Kikubaaqudgha.
  9591 | D:8      | Found a glowing golden altar of the Shining One.
  9637 | D:8      | Reached skill level 5 in Evocations
 10302 | D:8      | Reached skill level 1 in Shields
 10740 | D:9      | Found a bloodstained altar of Trog.
 10760 | D:9      | Found a basalt altar of Yredelemnul.
 10761 | D:9      | Found a shimmering blue altar of Sif Muna.
 10761 | D:9      | Found a stormy altar of Qazlal.
 10763 | D:9      | Noticed a deep elf pyromancer
 10793 | D:9      | Killed a deep elf pyromancer
 10794 | D:9      | Reached skill level 15 in Axes
 10959 | D:9      | Noticed a skeletal warrior
 10959 | D:9      | Noticed a manticore
 10982 | D:9      | Killed a manticore
 11001 | D:9      | Killed a skeletal warrior
 11002 | D:9      | Reached XP level 11. HP: 70/94 MP: 4/10
 11371 | D:9      | Identified the amulet of the Marlin {Faith rF+}
 11371 | D:9      | Noticed a centaur warrior
 11383 | D:9      | Killed a centaur warrior
 11836 | D:9      | Noticed a two-headed ogre
 11839 | D:9      | Killed a two-headed ogre
 12033 | D:9      | Found a hazy altar of Hepliaklqana.
 12038 | D:9      | Noticed a two-headed ogre
 12052 | D:9      | Killed a two-headed ogre
 12176 | D:9      | Noticed Harold
 12189 | D:9      | Killed Harold
 12613 | D:9      | Reached skill level 5 in Dodging
 12900 | D:10     | Entered Level 10 of the Dungeon
 12943 | D:10     | You fall into a shaft and drop 1 floor!
 13426 | D:10     | Found a sparkling altar of Nemelex Xobeh.
 14055 | D:10     | Found a staircase to the Orcish Mines.
 14081 | D:10     | Reached ***** piety under Trog
 14255 | D:10     | Found a staircase to the Lair.
 14271 | D:10     | Reached XP level 12. HP: 104/104 MP: 11/11
 14350 | D:10     | Upgraded the game from 0.28.0-43-g3370ac3207 to
                  | 0.28.0-53-g5a82cb258f
 14497 | Lair:1   | Entered Level 1 of the Lair of Beasts
 14799 | Lair:1   | Noticed Prince Ribbit
 14826 | Lair:1   | Killed Prince Ribbit
 15627 | Lair:1   | Reached skill level 5 in Shields
 16681 | Lair:2   | Reached skill level 10 in Armour
 16751 | Lair:2   | Found a hole to the Spider Nest.
 16819 | Lair:2   | Reached skill level 10 in Fighting
 18520 | Lair:2   | Noticed Nergalle
 18533 | Lair:2   | Killed Nergalle
 19157 | Lair:3   | Noticed a seven-headed hydra
 19191 | Lair:3   | Killed an 11-headed hydra
 19322 | Lair:3   | Noticed a death yak
 19322 | Lair:3   | Noticed a death yak
 19341 | Lair:3   | Killed a death yak
 19342 | Lair:3   | Reached XP level 13. HP: 73/114 MP: 12/12
 20490 | Lair:3   | Identified the +2 leather armour of the Bull {Harm rC-
                  | rN+++ Slay+5}
 20534 | Lair:3   | Noticed a fire dragon
 20564 | Lair:3   | Killed a fire dragon
 20802 | Lair:3   | Identified the +5 battleaxe of Ureit {vorpal, rC+ rN+
                  | rCorr} (Trog gifted it to you on level 3 of the Lair of
                  | Beasts)
 20802 | Lair:3   | Received a gift from Trog
 21345 | Lair:4   | Found a staircase to the Shoals.
 22761 | Lair:4   | Found a transporter.
 22762 | Lair:4   | Found a transporter.
 24172 | Lair:5   | Received a gift from Trog
 24885 | Lair:5   | Noticed Brotato's ghost (journeyman PaFi)
 24985 | Lair:5   | Found a transporter.
 24985 | Lair:5   | You fall into a shaft and drop 1 floor!
 24985 | Lair:6   | Entered Level 6 of the Lair of Beasts
 25062 | Lair:6   | Reached XP level 14. HP: 116/127 MP: 13/13
 26004 | Lair:5   | Found a transporter.
 26093 | Lair:5   | Found a staircase to the Slime Pits.
 26573 | Lair:5   | Received a gift from Trog
 27110 | Lair:5   | Killed Brotato's ghost
 27121 | Lair:5   | Identified the +6 trident of Classification {flame, Str+2}
 28336 | Lair:6   | Found a blossoming altar of Fedhas.
 28524 | Lair:6   | Reached skill level 10 in Shields
 28971 | Lair:6   | Reached XP level 15. HP: 106/139 MP: 14/14
 28974 | Lair:6   | Reached skill level 15 in Fighting
 29994 | D:11     | Found a shadowy altar of Dithmenos.
 31222 | D:12     | Found Hutoesy's Weapon Boutique.
 31496 | D:12     | Found an opulent altar of Gozag.
 31956 | D:12     | Noticed Psyche
 31973 | D:12     | Killed Psyche
 32159 | Orc:1    | Entered Level 1 of the Orcish Mines
 32276 | Orc:2    | Entered Level 2 of the Orcish Mines
 32276 | Orc:2    | Found a staircase to the Elven Halls.
 32752 | Orc:1    | Received a gift from Trog
 32958 | Orc:2    | Paralysed by an orc sorcerer for 7 turns
 32969 | Orc:1    | Noticed an orc warlord
 32969 | Orc:1    | Identified the ring "Hioxzuac" {rF+ Int+3 Dex+4 SInv}
 33618 | Orc:2    | Found Noew's General Store.
 33621 | Orc:2    | Found Bedo Mess's Magic Scroll Shoppe.
 34551 | Orc:2    | Bought a scroll of blinking for 120 gold pieces
 34551 | Orc:2    | Bought a scroll of blinking for 120 gold pieces
 34551 | Orc:2    | Bought a scroll of brand weapon for 320 gold pieces
 34551 | Orc:2    | Bought a scroll of identify for 32 gold pieces
 34608 | Orc:2    | Reached skill level 10 in Dodging
 35205 | Orc:2    | Gained mutation: You are clumsy. (Dex -2) [a neqoxec]
 35474 | Orc:2    | Found Ynacar's Antique Armour Boutique.
 35474 | Orc:2    | Found Dapn's Book Shop.
 35475 | Orc:2    | Found a one-way gate leading to the halls of Pandemonium.
 35598 | Orc:1    | Noticed an orc warlord
 35599 | Orc:1    | Noticed an orc warlord
 36412 | Orc:2    | Killed an orc warlord
 36773 | Orc:2    | Killed an orc warlord
 36993 | Orc:1    | Received a gift from Trog
 37240 | Orc:1    | Killed an orc warlord
 39110 | D:13     | Reached XP level 16. HP: 132/155 MP: 15/15
 39188 | D:13     | Reached skill level 10 in Evocations
 39418 | D:13     | Found a gate to the Vaults.
 40149 | D:13     | Received a gift from Trog
 40401 | D:14     | Reached skill level 15 in Armour
 41027 | D:15     | Entered Level 15 of the Dungeon
 42298 | D:15     | Paralysed by a great orb of eyes for 4 turns
 42384 | D:15     | Found a staircase to the Depths.
 42770 | D:15     | Found a glowing golden altar of the Shining One.
 43113 | D:14     | Received a gift from Trog
 43515 | D:15     | Identified the +7 plate armour of Perpetual Drought {Will+}
 44095 | Spider:1 | Entered Level 1 of the Spider Nest
 45238 | Spider:1 | Found a runed translucent door.
 45239 | Spider:1 | Found a shimmering altar of Xom.
 45239 | Spider:1 | Noticed thiscave3701365's ghost (adept HOBe)
 45310 | Spider:1 | Killed thiscave3701365's ghost
 45964 | Spider:1 | Reached XP level 17. HP: 156/168 MP: 16/16
 46948 | Spider:2 | Received a gift from Trog
 48643 | Spider:3 | Identified the +1 scale mail of Recklessness {Harm rF+
                  | Dex-5}
 49211 | Spider:3 | Noticed Arachne
 49667 | Spider:3 | Noticed Arachne
 49667 | Spider:3 | Arachne changed into Arachne the death yak
 49676 | Spider:3 | Killed Arachne the death yak
 50223 | Spider:3 | Received a gift from Trog
 50952 | Shoals:1 | Entered Level 1 of the Shoals
 51243 | Shoals:1 | Noticed Frances
 51255 | Shoals:1 | Killed Frances
 54583 | Shoals:3 | Reached skill level 15 in Shields
 55020 | Shoals:3 | Found Gouschuo's Antique Armour Shop.
 55986 | Elf:1    | Entered Level 1 of the Elven Halls
 56115 | Elf:1    | Paralysed by an air elemental for 1 turns
 56120 | Elf:1    | Paralysed by an air elemental for 1 turns
 56208 | Elf:1    | Paralysed by an air elemental for 1 turns
 56480 | Elf:1    | Identified the +5 scale mail of Goidiczu {Str+2}
 56646 | Elf:1    | Reached XP level 18. HP: 176/180 MP: 17/17
 58451 | Elf:2    | Found Untyimau's Magic Scroll Shop.
 58492 | Elf:2    | Bought a scroll of blinking for 127 gold pieces
 58492 | Elf:2    | Bought a scroll of fear for 59 gold pieces
 58756 | Elf:2    | Found a runed translucent gate.
 58756 | Elf:2    | Found a runed translucent gate.
 58756 | Elf:2    | Found a runed translucent gate.
 59555 | Elf:1    | HP: 12/270 [poisoned by a +2 war axe of venom]
 62220 | Spider:4 | Entered Level 4 of the Spider Nest
 62283 | Spider:3 | Received a gift from Trog
 65469 | Spider:4 | Received a gift from Trog
 66329 | Spider:4 | Identified the +0 pair of boots of Pocwisty {Harm rElec
                  | Regen+}
 66346 | Spider:4 | Got a gossamer rune of Zot
 66383 | Spider:4 | Reached skill level 1 in Throwing
 66383 | Spider:4 | Reached XP level 19. HP: 191/191 MP: 18/18
 67514 | Shoals:4 | Entered Level 4 of the Shoals
 68938 | Shoals:4 | Reached XP level 20. HP: 199/199 MP: 19/19
 69365 | Shoals:4 | Identified the +7 great sword of Biblu {drain, rN+ rCorr}
 70421 | Shoals:4 | Got a barnacled rune of Zot
 70456 | Shoals:4 | Identified a scroll of acquirement
 70457 | Shoals:4 | Acquired the +8 mithril axe "Arga" {speed, Will+}
 70457 | Shoals:4 | Found the +8 mithril axe "Arga" {speed, Will+}
 71231 | Vaults:1 | Entered Level 1 of the Vaults
 81327 | Vaults:1 | Received a gift from Trog
 82137 | Vaults:1 | Reached XP level 21. HP: 122/211 MP: 20/20
 82458 | Vaults:1 | Glimpsed the power of Zot.
 83810 | Vaults:3 | Found a staircase to the Crypt.
 86082 | Vaults:4 | Received a gift from Trog
 86365 | Vaults:4 | Found Sakloi's Antique Weapon Shop.
 87013 | Vaults:4 | Reached XP level 22. HP: 194/224 MP: 21/21
 87662 | Crypt:1  | Entered Level 1 of the Crypt
 89676 | Crypt:1  | Noticed Bai Suzhen
 89707 | Crypt:1  | Killed Bai Suzhen
 90833 | Crypt:2  | Received a gift from Trog
 90978 | Crypt:2  | Noticed Donald
 91009 | Crypt:2  | Killed Donald
 91027 | Crypt:2  | Found a runed translucent gate.
 91027 | Crypt:2  | Found a runed translucent gate.
 91027 | Crypt:2  | Found a runed translucent gate.
 91027 | Crypt:2  | Found an iron altar of Okawaru.
 91027 | Crypt:2  | Noticed Houmnergh's ghost (master GnTm)
 91510 | Crypt:2  | Identified the +8 glaive of World Downfall {freeze, rPois
                  | rC+ Str+3}
 91775 | Depths:1 | Entered Level 1 of the Depths
 91862 | Depths:1 | Paralysed by a floating eye for 3 turns
 92074 | Depths:1 | Paralysed by a floating eye for 3 turns
 92288 | Depths:1 | Found a gateway to Hell.
 92320 | Depths:1 | Noticed a caustic shrike
 92320 | Depths:1 | Noticed a caustic shrike
 92320 | Depths:1 | Noticed a caustic shrike
 92341 | Depths:1 | Killed a caustic shrike
 92351 | Depths:1 | Killed a caustic shrike
 92362 | Depths:1 | Killed a caustic shrike
 92363 | Depths:1 | Reached skill level 15 in Dodging
 92589 | Depths:1 | Noticed a caustic shrike
 92589 | Depths:1 | Noticed a caustic shrike
 92614 | Depths:1 | Killed a caustic shrike
 92634 | Depths:1 | Killed a caustic shrike
 93058 | Depths:1 | Noticed a golden dragon
 93446 | Depths:1 | Found Opnutig's Book Shop.
 93446 | Depths:1 | Found Fuwosk's Jewellery Shoppe.
 93447 | Depths:1 | Found Woec Lih's Book Shop.
 93820 | Depths:2 | Noticed a juggernaut
 93948 | Depths:2 | Killed a juggernaut
 94195 | Depths:2 | Received a gift from Trog
 94254 | Depths:2 | Noticed a golden dragon
 94283 | Depths:2 | Killed a golden dragon
 94416 | Depths:2 | Reached XP level 23. HP: 235/236 MP: 22/22
 94741 | Depths:2 | Paralysed by a floating eye for 3 turns
 95694 | Depths:2 | Identified the +3 scale mail of the Enchanted Forest
                  | {rElec}
 96434 | Depths:3 | You fall into a shaft and drop 1 floor!
 96434 | Depths:4 | Entered Level 4 of the Depths
 96726 | Depths:3 | Received a gift from Trog
 97684 | Depths:3 | Found a one-way gate to the infinite horrors of the Abyss.
 97850 | Depths:3 | Found a one-way gateway to a ziggurat.
 98272 | Depths:4 | Noticed a juggernaut
 98293 | Depths:4 | Killed a juggernaut
 99067 | Depths:4 | Found Udghoz's General Store.
 99077 | Depths:4 | Bought a potion of haste for 170 gold pieces
 99077 | Depths:4 | Bought a scroll of noise for 17 gold pieces
 99077 | Depths:4 | Bought a potion of degeneration for 17 gold pieces
100056 | Depths:4 | Received a gift from Trog
101072 | Depths:4 | Found a gate to the Realm of Zot.
101388 | Depths:4 | Found a runed translucent door.
101388 | Depths:4 | Found a runed translucent door.
101880 | Depths:4 | Found a runed translucent door.
101891 | Depths:4 | Found a runed translucent door.
102029 | Depths:4 | Found a runed translucent door.
102035 | Depths:4 | Found a runed translucent door.
102089 | Depths:4 | Reached skill level 27 in Fighting
102741 | Crypt:3  | Entered Level 3 of the Crypt
104046 | Crypt:3  | Received a gift from Trog
104524 | Crypt:3  | Found a basalt altar of Yredelemnul.
104951 | Crypt:3  | Reached XP level 24. HP: 240/249 MP: 22/22
105086 | Crypt:3  | Reached ****** piety under Trog
105941 | Crypt:3  | Received a gift from Trog
106161 | Crypt:3  | Noticed Khufu
106179 | Crypt:3  | Killed Khufu
106916 | Crypt:3  | Found a staircase to the Tomb.
107331 | Depths:1 | Bought the ring "Qaibaeng" {rElec rC- Will+ rCorr Dex+8}
                  | for 870 gold pieces
107565 | Vaults:5 | Entered Level 5 of the Vaults
107903 | Vaults:5 | Noticed a dread lich
107942 | Vaults:4 | Killed a dread lich
108615 | Vaults:5 | Noticed a dread lich
108653 | Vaults:4 | Killed a dread lich
108984 | Vaults:5 | Received a gift from Trog
109596 | Vaults:5 | Got a silver rune of Zot
110147 | Vaults:5 | Identified the +2 chain mail of Wonder {Dex+4}
110256 | Vaults:5 | Identified the ring "Hiamuvia" {Fire rElec Will++ Stlth+}
110305 | Vaults:5 | Noticed an ancient lich
110305 | Vaults:5 | Noticed an ancient lich
110644 | Vaults:5 | Received a gift from Trog
110933 | Vaults:5 | Identified the +5 battleaxe "Netiq" {holy, rC+ Will+}
110960 | Vaults:5 | Killed an ancient lich
111042 | Vaults:5 | Identified the +3 cloak of Fortitude {-Tele rN+ Dex+6}
111186 | Vaults:5 | Killed an ancient lich
111187 | Vaults:5 | Reached skill level 27 in Shields
111292 | Vaults:5 | Identified the +4 hand crossbow of Valiance {penet, rF+}
111765 | Slime:1  | Entered Level 1 of the Pits of Slime
111947 | Slime:2  | Noticed Dissolution
111974 | Slime:1  | Reached XP level 25. HP: 214/257 MP: 22/22
111983 | Slime:1  | Gained mutation: You sometimes lose the ability to read
                  | scrolls when taking damage. [a shining eye]
111983 | Slime:1  | Gained mutation: You are weak. (Str -2) [a shining eye]
111987 | Slime:1  | Killed Dissolution
111988 | Slime:1  | Reached skill level 15 in Evocations
112551 | Zot:1    | Entered Level 1 of the Realm of Zot
115192 | Zot:1    | Received a gift from Trog
118775 | Zot:3    | Received a gift from Trog
121117 | Zot:3    | You fall into a shaft and drop 1 floor!
121117 | Zot:4    | Found an ornate altar of the Wu Jian Council.
121310 | Zot:3    | Reached XP level 26. HP: 201/266 MP: 22/22
122864 | Zot:3    | Received a gift from Trog
125309 | Zot:4    | Reached skill level 27 in Armour
126368 | Zot:4    | Noticed an orb of fire
126368 | Zot:4    | Gained mutation: You are frail. (-10% HP) [an orb of fire]
126379 | Zot:4    | Gained mutation: You are dopey. (Int -2) [an orb of fire]
126382 | Zot:4    | Gained mutation: Your spells are a little easier to cast,
                  | but a little less powerful. [an orb of fire]
126394 | Zot:4    | Gained mutation: You do not regenerate when monsters are
                  | visible. [an orb of fire]
127300 | Zot:4    | Lost mutation: You are frail. (-10% HP) [an orb of fire]
127628 | Zot:4    | Gained mutation: You are very weak. (Str -4) [an orb of
                  | fire]
127640 | Zot:4    | Killed an orb of fire
128219 | Zot:5    | Entered Level 5 of the Realm of Zot
130058 | Zot:5    | Noticed an orb of fire
130629 | Zot:5    | Noticed an ancient lich
130649 | Zot:5    | Killed an ancient lich
130804 | Zot:5    | Noticed an orb of fire
130810 | Zot:5    | Killed an orb of fire
130819 | Zot:5    | Noticed an orb of fire
130825 | Zot:5    | HP: 17/399 [Killer Klown/klown pie (3)]
130825 | Zot:5    | HP: 7/399 [Orb Guardian (5)]
130826 | Zot:5    | Demolished by a Killer Klown

Illustrated notes

Levels and vault maps discovered:
D:1:      lightli_arrival_quake, layout_loops_ring, dk_noncrumbling_4
D:2:      layout_basic, minmay_diced_spiral, uniq_crazy_yiuf_cottage
D:3:      layout_loops_ring, shapermc_ecumenical_altar_mp_vishouse
D:4:      layout_basic, mainiacjoe_overflow_large_starburst
D:5:      layout_loops_ring, mainiacjoe_overflow_brackets,
          serial_bayou_crossing, uniq_pikel
D:6:      layout_basic, lemuel_coloured_pillars_altar, minmay_temple_entry_oklob
D:7:      layout_layer_cave, kennysheep_mini, uniq_joseph, uniq_maggie
D:8:      layout_basic, mainiacjoe_overflow_divided_tiny, serial_corexii_hall,
          corexii_hall_statues_l, corexii_hall_statues_i, grunt_ministairs_13,
          nicolae_grassy_gnolls
D:9:      minmay_the_grid_octo_tiled_squarecenter
          [minmay_the_grid_octo_fan_narrow, minmay_the_grid_octo_shrine,
          minmay_the_grid_octo_horde, minmay_the_grid_octo_fat_diamond,
          minmay_the_grid_square_5x5_megaprize_open,
          minmay_the_grid_square_5x5_c, minmay_the_grid_square_5x5_eight_small,
          minmay_the_grid_square_5x5_three, minmay_the_grid_square_5x5_inner_v],
          layout_stronghold, mainiacjoe_overflow_surrounded_room, uniq_harold
D:10:     layout_gridville, nemelex_xobeh_ov_fountains_minmay,
          due_lair_maze_entry_diamond, hiddenorc2_lemuel, grunt_ministairs_11
D:11:     layout_stronghold, nicolae_dithmenos_shadow_blocks
D:12:     layout_roguey, serial_shops, shop, nicolae_gozag_seed_capital,
          uniq_psyche
D:13:     layout_basic, lightli_vaults_fourway_checkpoint
D:14:     layout_roguey
D:15:     gammafunk_enter_depths_forms, layout_long_grid, basic_altar
Lair:1:   layout_regular_city, uniq_prince_ribbit2
Lair:2:   layout_chaotic_city, nicolae_spider_entry_orb_guardian, uniq_nergalle
Lair:3:   dragon1_lemuel, layout_loops_ring, hangedman_lair_generics_rect,
          serial_bayou_shore_a
Lair:4:   gammafunk_boulding_lane, layout_gridlike, minmay_shoals_entry_beasts,
          serial_bayou_pond_b, serial_bayou_lake_a, grunt_megastairs_5,
          lemuel_fruit_tree
Lair:5:   layout_roguey, minmay_slime_entry_pillars, gammafunk_ghost_arena,
          st_stairs_6
Lair:6:   hangedman_lair_in_review, layout_long_grid, tgw_fedhas
Shoals:1: layout_shoals, uniq_frances
Shoals:2: layout_shoals
Shoals:3: layout_shoals, serial_shops, nicolae_shop_trees,
          nicolae_shoals_nautilus_by_nature
Shoals:4: shoals_end_hangedman, layout_shoals
Spider:1: layout_spider_delve, ebering_ghost_xom
Spider:2: layout_spider_delve, drop_trap
Spider:3: layout_spider_delve, uniq_arachne
Spider:4: grunt_spider_rune_circles
Slime:1:  layout_caves
Slime:2:  layout_caves, uniq_dissolution
Orc:1:    layout_diamond_mine, minmay_orc_treasury
Orc:2:    pf_orc_diabolical, layout_diamond_mine
Elf:1:    layout_geoelf_octagon, evilmike_minifort, dk_noncrumbling_3,
          grunt_ministairs_13
Elf:2:    nicolae_elf_blades_crystal_corner, layout_geoelf_octagon,
          serial_shops, shop
Vaults:1: hangedman_vaults_hard_town_square, nicolae_vaults_twisting_passages,
          nicolae_vaults_network_star, nicolae_vaults_network_quinsquares
          [nicolae_vaults_network_quincunx_subvault,
          nicolae_vaults_network_quincunx_subvault,
          nicolae_vaults_network_quincunx_subvault,
          nicolae_vaults_network_quincunx_subvault], hangedman_vaults_capsules,
          ontoclasm_vaults_tryst, nicolae_vaults_big_angled_halls,
          grunt_vaults_twisty, nicolae_vaults_little_squares_2,
          vaults_room_pools, layout_vaults_omnicross, serial_shops,
          bzr_entry_dummy
Vaults:2: v_alt_pattern_2, v_alt_pattern_5, vaults_mumra_bighexcomb,
          hangedman_vaults_impose, nicolae_vaults_little_ls, vaults_dpeg_doors,
          hangedman_vaults_hat, vaults_room_stairs_pillars,
          nicolae_vaults_sealed_display, hangedman_vaults_stretched_pinwheel,
          v_misc_27, layout_vaults_omnigrid
Vaults:3: minmay_crypt_entry_simple_round, v_misc_33, v_pattern_2,
          nicolae_vaults_gold_heap, vaults_room_door_ring, v_misc_1,
          nicolae_vaults_theta, vaults_room_door_hall,
          nicolae_vaults_branching_niches, vaults_mumra_hex,
          ontoclasm_vaults_twist, vaults_mumra_chevron,
          nicolae_vaults_shelves_hall, nicolae_vaults_network_periphery,
          layout_vaults_maze_snakey
Vaults:4: nicolae_vaults_statue_guard, nicolae_vaults_three_branches,
          ontoclasm_vaults_bender, v_misc_12, vaults_dpeg_diagonal, v_rooms_4,
          v_rooms_4, vaults_room_fours, nicolae_vaults_alarming,
          layout_vaults_chaotic_city, serial_shops, shop
Vaults:5: serial_shops
Crypt:1:  layout_misc_corridors, nicolae_crypt_soggy_tomb,
          grunt_crypt_arrival_guarded_gate, grunt_megastairs_4, uniq_bai_suzhen
Crypt:2:  layout_regular_city, mu_enter_wizlab_5,
          gammafunk_ghost_fury_of_okawaru, uniq_donald
Crypt:3:  grunt_crypt_end_deaths_head
Depths:1: layout_cave_pools, hangedman_coc_ice_floe, kennysheep_flooded_box,
          wad_dig_loot, minmay_shop_grove
Depths:2: minmay_bad_star, layout_long_grid, pan_entry, grunt_mini_vestibule
Depths:3: minmay_thinvault, layout_cave_pools, enter_ziggurat_e, hell_entry,
          abyss_entry, minmay_misc_feat_iff, minmay_staircase_bubble
Depths:4: evilmike_zot_entry_castle, layout_basic, hell_entry,
          grunt_pan_entry_in_and_out, serial_shops, shop, uniq_margery
Zot:1:    hangedman_snap_crack_crunch, layout_onion_interference, drop_trap,
          hangedman_swamp_dais
Zot:2:    layout_onion, grunt_megastairs_2
Zot:3:    grunt_twist_and_shout, layout_onion
Zot:4:    layout_misc_corridors, basic_altar, grunt_ministairs_11,
          hangedman_player_shredder
Zot:5:    layout_misc_corridors, grunt_ministairs_5, skrybe_zot_glass_2

Skill      XL: |  1  2  3  4  5  6  7  8  9 10 11 12 13 14 15 16 17 18 19 20 21 22 23 24 25 26 |
---------------+-------------------------------------------------------------------------------+-----
Axes           | 4 5 6 7 8 9 11 13 15 16 17 18 | 18.0
Fighting       | 4 5 6 8 9 10 12 14 17 19 20 21 23 24 26 27 | 27.0
Armour         | 3 4 6 8 9 10 12 13 14 15 16 17 18 19 20 21 25 27 | 27.0
Evocations     | 1 3 4 5 6 7 8 9 10 11 12 13 14 15 16 | 16.8
Dodging        | 3 4 5 7 8 9 10 11 12 13 14 15 16 17 19 | 19.1
Shields        | 2 4 6 8 10 11 13 15 17 19 20 22 24 27 | 27.0
Throwing       | 1 2 4 |  4.0

Action                   |  1- 3 |  4- 6 |  7- 9 | 10-12 | 13-15 | 16-18 | 19-21 | 22-24 | 25-27 || total
-------------------------+-------+-------+-------+-------+-------+-------+-------+-------+-------++-------
Melee: Hand axe          |    76 |    49 |       |       |       |       |       |       |       ||   125
       Headbutt          |    13 |    12 |    29 |   131 |   385 |   437 |   469 |   904 |   658 ||  3038
       Punch             |     1 |     2 |     3 |     1 |       |       |       |       |       ||     7
       War axe           |       |    61 |   164 |   605 |  1266 |       |       |       |       ||  2096
       Unarmed           |       |     9 |    12 |       |    12 |       |       |       |       ||    33
       Broad axe         |       |       |       |       |    25 |  1654 |  1291 |  2510 |  1669 ||  7149
Throw: Boomerang         |       |       |       |    43 |     9 |     2 |       |       |       ||    54
       Stone             |       |       |       |       |       |    19 |    50 |    25 |    38 ||   132
Invok: Trog's Hand       |       |     2 |     3 |     6 |    11 |     9 |     7 |     3 |     2 ||    43
       Berserk           |       |     4 |     2 |     9 |    16 |     4 |     2 |     1 |     1 ||    39
       Brothers in Arms  |       |       |       |       |     5 |     4 |    12 |     3 |     2 ||    26
Evoke: Wand              |       |       |     8 |    10 |    17 |    11 |     9 |     7 |    24 ||    86
       Lightning rod     |       |       |       |       |     3 |     4 |     5 |     1 |     2 ||    15
       Box of beasts     |       |       |       |       |       |       |       |       |     1 ||     1
  Use: Scroll            |       |       |     6 |     3 |    20 |    16 |     5 |    11 |    16 ||    77
       Potion            |       |       |     4 |     2 |     6 |     7 |     3 |     5 |    16 ||    43
 Stab: Paralysed         |       |       |       |       |       |     4 |     8 |       |     2 ||    14
       Invisible         |       |       |       |       |       |       |       |     6 |       ||     6
Armor: Animal skin       |    11 |       |       |       |       |       |       |       |       ||    11
       Plate armour      |    15 |    45 |    93 |   275 |   754 |  1020 |   315 |   348 |       ||  2865
       Chain mail        |    10 |       |       |       |       |       |       |       |       ||    10
       Gold dragon scale |       |       |       |       |       |       |       |    92 |   435 ||   527
Dodge: Dodged            |    47 |    55 |    37 |   251 |   683 |   796 |   306 |   467 |   507 ||  3149
Block: Buckler           |       |       |       |    82 |   393 |   875 |   161 |       |       ||  1511
       Reflection        |       |       |       |       |       |    57 |    78 |    49 |    16 ||   200
       Kite shield       |       |       |       |       |       |       |   604 |  1488 |  1270 ||  3362
